 Dungeon Crawl Stone Soup version 0.17.1-2-g5865329 (webtiles) character file.

288 Jobasha the Shield-Bearer (level 6, -5/48 HPs)
             Began as a Human Fighter on Jan 27, 2016.
             Slain by a mummy (13 damage)
             ... in an ossuary.
             The game lasted 00:13:56 (3363 turns).

Jobasha the Shield-Bearer (Human Fighter)           Turns: 3363, Time: 00:13:56

Health: -5/48      AC:  7    Str: 17    XL:     6   Next: 57%
Magic:  6/6        EV:  8    Int:  9    God:
Gold:   178        SH:  9    Dex: 13    Spells: 0 memorised, 5 levels left

rFire  . . .     SeeInvis .     t - +0 hand axe (chop)
rCold  . . .     Clarity  .     b - +0 scale mail
rNeg   . . .     SustAt   .     c - +0 shield
rPois  .         Gourm    .     (no helmet)
rElec  .         Spirit   .     (no cloak)
rCorr  .         Warding  .     (no gloves)
rMut   .         Stasis   .     (no boots)
MR     .....                    (no amulet)
Stlth  ..........               (no ring)
                                (no ring)

@: not resistant to hostile enchantments, extremely unstealthy
A: no striking features
a: no special abilities


You were in an ossuary.
You were not hungry.

You visited 1 branch of the dungeon, and saw 4 of its levels.
You also visited: Ossuary.

You collected 178 gold pieces.

Inventory:

Hand Weapons
 a - a +0 war axe
 g - a +0 hunting sling
 t - a +0 hand axe of chopping (weapon)
 u - a +4 mace
Missiles
 l - 158 stones (quivered)
Armour
 b - a +0 scale mail (worn)
 c - a +0 shield (worn)
Scrolls
 f - 8 scrolls of identify
 j - 2 scrolls of teleportation {unknown}
 k - 3 scrolls of remove curse {unknown}
 m - a scroll of random uselessness {unknown}
 o - a scroll of enchant weapon {unknown}
 v - a scroll of noise {unknown}
Potions
 d - 3 potions of might
 e - a potion of lignification
 p - a potion of heal wounds
Comestibles
 h - 4 slices of pizza
 i - a beef jerky
 n - 3 meat rations
 q - 2 bread rations
 s - 2 chunks of flesh


   Skills:
 + Level 3.8 Fighting
 + Level 2.9 Axes
 + Level 0.2 Slings
 + Level 4.2 Armour
 + Level 1.9 Dodging
 + Level 0.7 Stealth
 + Level 4.5 Shields


You had 5 spell levels left.
You didn't know any spells.

Dungeon Overview and Level Annotations

Branches:
Dungeon (4/15)
 Temple: D:4-7

Altars:
Qazlal


Message History

The mummy closely misses you.
Drink which item? (? for menu, Esc to quit)
You feel better.
Your shield and scale mail prevent you from hitting the mummy.
The mummy is severely damaged.
You hit the mummy but do no damage.
The mummy is heavily damaged.
The mummy closely misses you. The mummy hits you!
* * * LOW HITPOINT WARNING * * *
You hit the mummy.
The mummy is almost destroyed.
You hit the mummy but do no damage.
The mummy is heavily damaged.
You block the mummy's attack. The mummy barely misses you.
You hit the mummy.
You destroy the mummy!
You barely miss the mummy.
The mummy is heavily damaged.
The mummy hits you!
You die...

#####
##...##
#.....#
##.M...##
#...@...#
#.......#
#...∩...#
#...^...#
#...∩...#
#.......#
#.......#
##.....##
+.....+


You could see a mummy.

Vanquished Creatures
  A big kobold (D:3)
  A jelly (D:3)
  An orc wizard (D:4)
  A worker ant (D:4)
  2 mummies (Ossuary)
  3 adders
  A gnoll (D:1)
  2 worms (D:2)
  3 giant geckos
  9 orcs
  7 goblins
  5 hobgoblins
  2 jackals (D:4)
  A bat (D:1)
  3 giant cockroaches
  3 giant newts
  11 kobolds
  A quokka (D:3)
  5 rats
62 creatures vanquished.

Notes
Turn   | Place    | Note
--------------------------------------------------------------
     0 | D:1      | Jobasha the Human Fighter began the quest for the Orb.
     0 | D:1      | Reached XP level 1. HP: 18/18 MP: 1/1
   297 | D:1      | Reached XP level 2. HP: 22/24 MP: 2/2
   562 | D:1      | Reached XP level 3. HP: 4/29 MP: 3/3
  1468 | D:2      | Reached XP level 4. HP: 15/35 MP: 4/4
  2060 | D:3      | Found a stormy altar of Qazlal.
  2116 | D:3      | Reached skill level 1 in Dodging
  2377 | D:3      | Reached XP level 5. HP: 37/41 MP: 5/5
  2722 | D:3      | Noticed a big kobold
  2746 | D:3      | Killed a big kobold
  2746 | D:3      | Reached skill level 4 in Shields
  2830 | D:3      | Reached XP level 6. HP: 47/47 MP: 6/6
  3336 | D:4      | Found a sand-covered staircase.
  3346 | Ossuary  | Entered an ossuary
  3363 | Ossuary  | Slain by a mummy

Action                   |  1- 3 |  4- 6 || total
-------------------------+-------+-------++-------
Melee: War axe           |    82 |    41 ||   123
       Hand axe          |       |   101 ||   101
 Fire: Hunting sling     |     4 |       ||     4
  Use: Potion            |       |     7 ||     7
       Scroll            |       |     1 ||     1
  Eat: Chunk             |     2 |       ||     2
       Bread ration      |       |     2 ||     2
